Unix NetHack Version 5.0.0-0 post-release - last build Jun 10 2026 00:39:30 (3ee93aec679c4c4259841fe613dc97188e26a321,branch:main).

Game began 2026-06-15 22:02:42, ended 2026-06-15 22:30:35.

Felix1, neutral male human Barbarian

                                                   -----
                                                 ##|...|
                                                 # |..(|        -----------
                                    ###############|<..-#    ###..........|
                   ---------    #####          #  #|...|###### #|.........|
                   |.......|    #              #   -----#[#     |.........|
                   |.......|    #              #        # ##    |.........|
                   |.......|    #             ##                -----|-----
                   |.@.)...-#####             #                      ##
                   |.......|                  #                       #
                   -------.-                  #                       #
                          #               ....#                    #####
                          #               ...               ### -----.-.-
                          ##            ....                 ###.......>|
                           #####      ......               #### |.......|
                               ##    -------        #      #####........|
                                #############################   ---------
                                                    #########

Felix1 the Bandit          St:18/01 Dx:17 Co:18 In:7 Wi:8 Ch:7  Neutral
Dlvl:6  $:125 HP:0(57) Pw:11(11) AC:7  Xp:6 T:2942  Blind

Latest messages:
 You descend the stairs.
 The imp hits!
 You smite the imp!
 The imp hits!
 You kill the imp!
 You see here an imp corpse.
 You hear a distant explosion.
 There is an imp corpse here; eat it? [ynq] (n) y
 This imp corpse is fatty.
 You finish eating the imp corpse.
 You see here a lock pick.
 The door opens.
 You smite the straw golem!
 The straw golem hits!
 The straw golem hits again!
 You destroy the straw golem!
 The gnome mummy hits!
 You smite the gnome mummy!
 The gnome mummy hits!
 You destroy the gnome mummy!
 You see here a mummy wrapping.
 You see here a food ration.
 You learn more about your items by comparing them.
 d - an uncursed food ration (3 in total).
 You kill the gecko!
 The door opens.
 You see here a red gem.
 B - a red gem.
 You see here a spear.
 You see here a sky blue potion.
 C - a sky blue potion.
 The yellow light explodes!
 You are blinded by a blast of light!
 It butts!
 It kicks!
 It butts!
 It kicks!
 It butts!
 It kicks!
 You hear water falling on coins.
 You try to feel what is lying here on the floor.
 You feel here a spear.
 You try to feel what is lying here on the floor.
 You feel here a spear.
 It butts!
 It kicks!
 It butts!
 It kicks!
 You die...
 Do you want your possessions identified? [ynq] (y) q

Inventory:
 Coins    ('$')
  $ - 125 gold pieces
 Weapons  (')')
  k - 8 cursed +0 ya
  q - 11 +1 darts
  l - 11 +0 darts
  s - 4 +0 daggers
  a - a +0 battle-axe (weapon in hands)
  b - a +0 short sword (alternate weapon; not wielded)
 Armor    ('[')
  c - an uncursed +0 ring mail (being worn)
 Comestibles  ('%')
  d - 3 uncursed food rations
 Scrolls  ('?')
  j - an uncursed scroll of confuse monster
  p - an uncursed scroll of identify
  t - an uncursed scroll of remove curse
  h - an uncursed scroll of teleportation
 Spellbooks  ('+')
  z - an uncursed spellbook of light
 Potions  ('!')
  C - an uncursed potion of confusion
  v - an uncursed potion of paralysis
  o - a cursed potion of restore ability
  y - an uncursed potion of speed
 Tools    ('(')
  x - an uncursed credit card
 Gems/Stones  ('*')
  e - 2 uncursed fluorite stones
  B - an uncursed jasper stone
  m - 2 cursed worthless pieces of blue glass
  w - an uncursed touchstone
  i - 11 uncursed rocks

Felix1 the Barbarian's attributes:

Background:
 You were a Bandit, a level 6 male human Barbarian.
 You were neutral, nominally on a mission for Crom
 who was opposed by Mitra (lawful) and Set (chaotic).
 You were right-handed.
 You were in the Dungeons of Doom, on level 6.
 You entered the dungeon 2942 turns ago.
 It was nighttime.
 There was a new moon in effect when your adventure ended.
 You had 414 experience points, 226 more were needed to attain level 7.

Basics:
 You had 0 out of 57 hit points.
 You had all 11 energy points (spell power).
 Your armor class was 7.
 Your wallet contained 125 zorkmids.
 Autopickup was off.

Final Characteristics:
 Your strength was 18/01 (limit:18/100).
 Your dexterity was 17 (limit:18).
 Your constitution was 18 (limit:18).
 Your intelligence was 7 (limit:18).
 Your wisdom was 8 (limit:18).
 Your charisma was 7 (limit:18).

Final Status:
 You were temporarily blind.
 You weren't hungry.
 You were unencumbered.
 You were wielding an axe.
 You had basic skill with axe and could have enhanced that.

Final Attributes:
 You were piously aligned.
 You were poison resistant.
 You were warded.
 You are dead.

Miscellaneous:
 You didn't encounter any bones levels.
 Total elapsed playing time was 27 minutes and 51 seconds.

Major events:
 Turn
    1: Felix1 the neutral male human Barbarian entered the dungeon
  668: attained the rank of Pillager (level 3)
 2098: attained the rank of Bandit (level 6)
 2942: killed by a white unicorn

You didn't know any spells.

Skills:
 Fighting Skills
   bare handed combat [Basic]
   two weapon combat  [Unskilled]
   riding             [Unskilled]
 Weapon Skills
   dagger             [Unskilled]
   axe                [Basic]
   pick-axe           [Unskilled]
   short sword        [Basic]
   broadsword         [Unskilled]
   long sword         [Unskilled]
   two-handed sword   [Unskilled]
   saber              [Unskilled]
   club               [Unskilled]
   mace               [Unskilled]
   morning star       [Unskilled]
   flail              [Unskilled]
   hammer             [Unskilled]
   quarterstaff       [Unskilled]
   spear              [Unskilled]
   trident            [Unskilled]
   bow                [Unskilled]
 Spellcasting Skills
   attack spells      [Unskilled]
   escape spells      [Unskilled]

Voluntary challenges:
 Character rerolling was not enabled.
 You were an atheist.
 You never genocided any monsters.
 You never polymorphed an object.
 You never changed form.
 You used no wishes.
Achievements:
 You attained the rank of Pillager.
 You entered a shop.
 You attained the rank of Bandit.

 The Dungeons of Doom: levels 1 to 6
    Level 1:
       An altar, a fountain.
    Level 2:
       A general store, a fountain.
    Level 3:
    Level 4:
       A general store, a fountain.
    Level 5:
    Level 6: <- You were here.
       Final resting place for
          you, killed by a white unicorn.


Vanquished creatures:
  a large mimic
  a gnome mummy
 an imp
  a yellow light
  a gnome leader
  a straw golem
  a giant ant
  2 floating eyes
  3 hill orcs
  a rothe
  a monkey
  9 orc zombies
 11 dwarf zombies
  a werejackal
 an iguana
  a gas spore
  a large kobold
  a giant rat
  a green mold
  a red mold
 13 gnome zombies
  3 geckos
  5 jackals
  a fox
  a kobold
  6 goblins
  a sewer rat
  4 lichens
  8 kobold zombies
  6 newts
89 creatures vanquished.

No species were genocided or became extinct.

Game over:
                       ----------
                      /          \
                     /    REST    \
                    /      IN      \
                   /     PEACE      \
                  /                  \
                  |      Felix1      |
                  |      125 Au      |
                  |   killed by a    |
                  |  white unicorn   |
                  |                  |
                  |                  |
                  |       2026       |
                 *|     *  *  *      | *
        _________)/\\_//(\/(/\)/\//\/|_)_______

Goodbye Felix1 the Barbarian...

You died in The Dungeons of Doom on dungeon level 6 with 2029 points,
and 125 pieces of gold, after 2942 moves.
You were level 6 with a maximum of 57 hit points when you died.

